 Dungeon Crawl Stone Soup version 0.14.2 (webtiles) character file.

927 in250t the Ruinous (level 7, -7/57 HPs)
             Began as a Black Draconian Wizard on Apr 2, 2015.
             Mangled by an ice beast (13 damage)
             ... on Level 5 of the Dungeon.
             The game lasted 00:15:06 (4685 turns).

in250t the Ruinous (Black Draconian Wizard)         Turns: 4685, Time: 00:15:06

HP  -7/57        AC  6     Str  9      XL: 7   Next: 28%
MP   5/14        EV 12     Int 20      God:
Gold 276         SH  0     Dex 10      Spells:  4 memorised,  3 levels left

rFire  . . .     SeeInvis .     f - +2,+1 whip (venom)
rCold  . . .     Clarity  .     (armour unavailable)
rNeg   + . .     Conserve .     (no shield)
rPois  .         rCorr    .     b - +0 hat
rElec  +         rRot     .     (no cloak)
SustAb + .       Spirit   .     (no gloves)
rMut   .         Warding  .     (no boots)
Saprov . . .     Stasis   .     (no amulet)
MR     .....                    x - ring of sustain abilities
                                s - ring of positive energy

@: short of breath, very slightly contaminated, slowed, very slow, not resistant
to hostile enchantments, unstealthy
A: breathe lightning, unfitting armour, electricity resistance, AC +6
a: Breathe Lightning


You were on level 5 of the Dungeon.
You were not hungry.

You visited 1 branch of the dungeon, and saw 5 of its levels.

You collected 276 gold pieces.

Inventory:

Hand weapons
 f - a +2,+1 whip of venom (weapon)
 k - a +0,+0 dagger
 p - a +1,+6 flail of crushing
 v - a +1,+0 glaive
Armour
 b - a +0 hat (worn)
Magical devices
 q - a wand of hasting (5)
 w - a wand of flame (0)
Comestibles
 a - 2 meat rations
 d - 4 bread rations
 t - a pear
 A - a rotting chunk of hobgoblin flesh
 B - 2 chunks of orc flesh
Scrolls
 e - 4 scrolls of noise {unknown}
 g - 2 scrolls of fear {unknown}
 h - a scroll of identify
 i - a scroll of blinking {unknown}
 j - a scroll of amnesia {unknown}
 l - 3 scrolls of enchant armour {unknown}
 u - 2 scrolls of remove curse {unknown}
 y - a scroll of enchant weapon I {unknown}
Jewellery
 s - a ring of positive energy (left hand)
 x - a ring of sustain abilities (right hand)
Potions
 m - a potion of lignification
 o - a potion of haste {unknown}
 r - 3 potions of curing {unknown}
 z - a potion of flight {unknown}
 C - a potion of brilliance {unknown}
Books
 c - a book of Minor Magic

   Spells                             Type                      Level
   *Magic Dart                        Conjuration                  1
   *Blink                             Translocation                2
   Call Imp                           Summoning                    2
   Repel Missiles                     Charms/Air                   2
   Slow                               Hexes                        2
   *Conjure Flame                     Conjuration/Fire             3
   *Mephitic Cloud                    Conjuration/Poison/Air       3


   Skills:
 + Level 3.1 Fighting
 + Level 3.3 Dodging
 - Level 1.7 Stealth
 - Level 3.2 Spellcasting
 - Level 6.4 Conjurations
   Level 1.0 Summonings
 - Level 1.0 Translocations


You had 3 spell levels left.
You knew the following spells:

 Your Spells              Type           Power        Failure   Level  Hunger
a - Magic Dart            Conj           ####         1%          1    None
b - Mephitic Cloud        Conj/Pois/Air  ##......     21%         3    ###....
c - Conjure Flame         Conj/Fire      ###.....     12%         3    ###....
d - Blink                 Tloc           N/A          17%         2    ##.....


Dungeon Overview and Level Annotations

Branches:
Dungeon (5/15)
 Temple: D:4-7

Altars:

Shops:
D:4 *


Innate Abilities, Weirdness & Mutations

You can breathe wild blasts of lightning.
Your glossy black scales are hard (AC +6).
Your body does not fit into most forms of armour.
Your cold-blooded metabolism reacts poorly to cold.
You are resistant to electric shocks.


Message History

You feel yourself speed up. The ice beast closely misses you.
The ogre wonders, "What am I doing in here?"
Casting: Mephitic Cloud
Confirm with . or Enter, or press ? or * to list all spells.
You miscast Blink.
You are very lightly contaminated with residual magic.
Space warps around you. The ice beast hits you. The ice beast freezes you!
You feel yourself slow down.
* * * LOW HITPOINT WARNING * * *
You feel as though you will be slow longer.
Casting: Blink
Confirm with . or Enter, or press ? or * to list all spells.
You miscast Blink.
Nothing appears to happen.
The ice beast hits you but does no damage.
The ice beast hits you.
* * * LOW HITPOINT WARNING * * *
The ice beast freezes you!
You feel as though you will be slow longer.
You die...

# .# #####.####
###.###.........
............(....
# #.)........
.....###I.)..####
.......%@.........
.................
....###.....####
%.. #...O.(.. ##
#()...### #######


You could see an ice beast and an ogre (confused).

Vanquished Creatures
  A phantom (D:5)
  An ogre (D:4)
  Duvessa (D:4)
  Dowan (D:4)
  A giant frog skeleton (D:4)
  An orc priest (D:5)
  An iguana (D:4)
  3 worker ants (D:4)
  2 orc wizards (D:4)
  Terence (D:2)
  5 adders
  An inept feature mimic (D:4)
  5 giant geckos
  9 orcs
  3 giant cockroaches
  15 goblins
  8 hobgoblins
  3 quokkas
  14 bats
  3 giant newts
  11 jackals
  8 kobolds
  10 rats
108 creatures vanquished.

Notes
Turn   | Place    | Note
--------------------------------------------------------------
     0 | D:1      | in250t, the Draconian Wizard, began the quest for the Orb.
     0 | D:1      | Reached XP level 1. HP: 14/14 MP: 4/4
   406 | D:1      | Reached XP level 2. HP: 17/20 MP: 1/6
  1151 | D:2      | Reached XP level 3. HP: 26/26 MP: 6/8
  1616 | D:2      | Noticed Terence
  1623 | D:2      | Killed Terence
  1872 | D:2      | Learned a level 3 spell: Mephitic Cloud
  1876 | D:2      | Learned a level 3 spell: Conjure Flame
  1893 | D:2      | Reached XP level 4. HP: 33/33 MP: 4/9
  1904 | D:2      | Learned a level 2 spell: Blink
  2381 | D:3      | Reached skill level 4 in Conjurations
  3148 | D:4      | Found Cejomem's Assorted Antiques.
  3167 | D:4      | Reached XP level 5. HP: 12/38 MP: 1/11
  3300 | D:4      | Noticed Duvessa
  3300 | D:4      | Noticed Dowan
  3309 | D:4      | Killed Duvessa
  3309 | D:4      | Reached skill level 5 in Conjurations
  3331 | D:4      | Reached XP level 6. HP: 34/45 MP: 2/13
  3417 | D:4      | Reached skill level 6 in Conjurations
  3543 | D:4      | Reached skill level 1 in Fighting
  3854 | D:4      | Found a staircase to the Ecumenical Temple.
  3866 | D:4      | the staircase to the Ecumenical Temple was a mimic.
  3930 | D:4      | Killed Dowan
  4146 | D:4      | Your scales start taking on a glossy black colour.
  4146 | D:4      | Gained mutation: You are resistant to electric shocks. [draconian maturity]
  4146 | D:4      | Reached XP level 7. HP: 55/55 MP: 8/14
  4431 | D:5      | Entered Level 5 of the Dungeon
  4685 | D:5      | Mangled by an ice beast

Action                   |  1- 3 |  4- 6 |  7- 9 || total
-------------------------+-------+-------+-------++-------
Melee: Unarmed           |    29 |       |       ||    29
       Dagger            |    17 |       |       ||    17
       Whip              |     7 |   114 |    30 ||   151
 Cast: Magic Dart        |    82 |    78 |     5 ||   165
       Mephitic Cloud    |       |     8 |     4 ||    12
       Conjure Flame     |       |     1 |       ||     1
       Blink             |       |     1 |       ||     1
 Abil: Breathe Lightning |       |       |     2 ||     2
  Use: Scroll            |       |     3 |       ||     3
       Potion            |       |     3 |       ||     3
 Stab: Confused          |       |     4 |     1 ||     5
